 Dungeon Crawl Stone Soup version 0.19.5 (webtiles) character file.

72 snowfan the Magician (level 4, 0/24 HPs)
             Began as a Deep Elf Wizard on May 20, 2017.
             Blown up by Ijyb (3 damage)
             ... with a wand of disintegration
             ... on level 2 of the Dungeon.
             The game lasted 00:03:52 (1783 turns).

snowfan the Magician (Deep Elf Wizard)              Turns: 1783, Time: 00:03:53

Health: 0/24       AC:  2    Str:  4    XL:     4   Next: 6%
Magic:  10/12      EV: 13    Int: 24    God:
Gold:   140        SH:  0    Dex: 13    Spells: 1 memorised, 10 levels left

rFire  . . .     SeeInvis .     l - +0 hunting sling
rCold  . . .     Gourm    .     a - +0 robe
rNeg   . . .     Faith    .     (no shield)
rPois  .         Spirit   .     b - +0 hat
rElec  .         Reflect  .     (no cloak)
rCorr  .         Harm     .     (no gloves)
MR     .....                    (no boots)
Stlth  +++.......               (no amulet)
                                (no ring)
                                e - ring of stealth

@: no status effects
A: no striking features
a: no special abilities


You were on level 2 of the Dungeon.
You were not hungry.

You visited 1 branch of the dungeon, and saw 2 of its levels.

You collected 140 gold pieces.

Inventory:

Hand Weapons
 l - a +0 hunting sling (weapon)
Missiles
 f - 44 stones (quivered)
Armour
 a - a +0 robe (worn)
 b - a +0 hat (worn)
Jewellery
 e - a ring of stealth (left hand)
Scrolls
 h - 2 scrolls of fear {unknown}
 k - a scroll of identify {unknown}
 o - a scroll of teleportation {unknown}
 q - a scroll of noise {unknown}
 t - a scroll of amnesia {unknown}
Potions
 g - 2 potions of might {unknown}
 i - a potion of berserk rage {unknown}
 j - a potion of cure mutation {unknown}
 m - 3 potions of degeneration {unknown}
 p - a potion of brilliance {unknown}
 s - a potion of haste {unknown}
Books
 c - a book of Minor Magic

   Spells                             Type                      Level
   a - Magic Dart                     Conjuration                  1
   b - Blink                          Translocation                2
   c - Call Imp                       Summoning                    2
   d - Repel Missiles                 Charms/Air                   2
   e - Slow                           Hexes                        2
   f - Conjure Flame                  Conjuration/Fire             3
   g - Mephitic Cloud                 Conjuration/Poison/Air       3
Comestibles
 d - a bread ration
 n - a meat ration
 r - a chunk of flesh


   Skills:
 - Level 2.4 Dodging
 - Level 2.4 Stealth
 - Level 4.4 Spellcasting
 + Level 4.3 Conjurations
   Level 1.1 Summonings
   Level 1.1 Translocations


You had 10 spell levels left.
You knew the following spells:

 Your Spells              Type           Power        Failure   Level  Hunger
a - Magic Dart            Conj           ####         1%          1    None


Dungeon Overview and Level Annotations

Branches:
Dungeon (2/15)

Altars:
Cheibriados

Annotations:
D:2 Ijyb


Message History

Casting: Magic Dart
Confirm with . or Enter, or press ? or * to list all spells.
Aiming: Magic Dart
Press: ? - help, Shift-Dir - straight line, f/p - Ijyb
Aim: Ijyb, wielding a short sword and wearing a robe (lightly wounded)
The magic dart hits Ijyb.
Ijyb is lightly wounded.
Ijyb zaps a wand.
You are blasted!
It is a wand of disintegration.
Casting: Magic Dart
Confirm with . or Enter, or press ? or * to list all spells.
Aiming: Magic Dart
Press: ? - help, Shift-Dir - straight line, f/p - Ijyb
Aim: Ijyb, wielding a short sword, wearing a robe and carrying a wand of disintegration {zapped: 1} (lightly wounded)
The magic dart hits Ijyb.
Ijyb is lightly wounded.
Ijyb zaps a wand.
You are blasted!
Ouch! That really hurt!
* * * LOW HITPOINT WARNING * * *
Ijyb zaps a wand.
You are blasted!
You die...

#.##.##. ##.##.##. #..###.#.
#####.####.#. #........##).
#.........##. #............
################............
#.....>..g.@.<.'.)..........
#.####.#########............
#.# ############# #.. ...
#### ### ### ... .##


You could see Ijyb.

Vanquished Creatures
  2 adders (D:2)
  An ooze (D:1)
  3 dart slugs
  5 giant cockroaches
  3 goblins
  7 hobgoblins
  2 jackals (D:1)
  2 bats (D:1)
  A frilled lizard (D:2)
  4 kobolds
  13 rats
43 creatures vanquished.

Notes
Turn   | Place    | Note
-------+----------+-------------------------------------------
     0 | D:1      | snowfan the Deep Elf Wizard began the quest for the Orb.
     0 | D:1      | Reached XP level 1. HP: 10/10 MP: 7/7
   276 | D:1      | Reached XP level 2. HP: 13/15 MP: 6/9
   797 | D:1      | Reached XP level 3. HP: 19/19 MP: 7/10
  1130 | D:2      | Found a snail-covered altar of Cheibriados.
  1676 | D:2      | Reached XP level 4. HP: 24/24 MP: 10/12
  1776 | D:2      | Noticed Ijyb
  1783 | D:2      | Blown up by Ijyb

Skill      XL: |  1  2  3 |
---------------+----------+-----
Conjurations   | 2 3 4 |  4.3
Dodging        | |  2.4
Stealth        | |  2.4
Spellcasting   | |  4.4
Summonings     | |  1.1
Translocations | |  1.1

Action                   |  1- 3 |  4- 6 || total
-------------------------+-------+-------++-------
Melee: Unarmed           |     2 |       ||     2
 Fire: Hunting sling     |    13 |       ||    13
 Cast: Magic Dart        |    90 |     9 ||    99
 Stab: Sleeping          |     1 |       ||     1
  Eat: Chunk             |     2 |       ||     2
Armor: Robe              |     3 |       ||     3
Dodge: Dodged            |     6 |     1 ||     7
